 Dungeon Crawl Stone Soup version 0.24.0-123-gd5b16e6ec5 (webtiles) character file.

Game seed: 17251715780071685921, levelgen mode: deterministic

63 Bluestream the Skirmisher (level 4, -8/41 HPs)
             Began as a Hill Orc Fighter on Feb 4, 2020.
             Mangled by a black bear (10 damage)
             ... on level 2 of the Dungeon.
             The game lasted 00:01:51 (1266 turns).

Bluestream the Skirmisher (Hill Orc Fighter)        Turns: 1266, Time: 00:01:51

Health: -8/41      AC:  6    Str: 19    XL:     4   Next: 10%
Magic:  4/4        EV:  7    Int:  8    God:
Gold:   88         SH:  9    Dex: 10    Spells: 3/3 levels left

rFire    . . .     SeeInvis .   a - +0 war axe
rCold    . . .     Gourm    .   c - +0 shield
rNeg     . . .     Faith    .   b - +0 scale mail
rPois    .         Spirit   .   (no helmet)
rElec    .         Reflect  .   (no cloak)
rCorr    .         Harm     .   (no gloves)
MR       .....                  (no boots)
Stlth    ..........             (no amulet)
HPRegen  0.13/turn              (no ring)
MPRegen  0.09/turn              (no ring)

@: no status effects
A: no striking features
a: no special abilities


You were on level 2 of the Dungeon.
You were hungry.

You visited 1 branch of the dungeon, and saw 2 of its levels.

You collected 88 gold pieces.

Inventory:

Hand Weapons
 a - a +0 war axe (weapon)
Armour
 b - a +0 scale mail (worn)
 c - a +0 shield (worn)
Scrolls
 e - 2 scrolls of identify {unknown}
 h - a scroll of remove curse {unknown}
 j - 2 scrolls of magic mapping {unknown}
 k - a scroll of blinking {unknown}
 l - 2 scrolls of fear {unknown}
 m - a scroll of enchant armour {unknown}
 n - a scroll of immolation {unknown}
Potions
 d - a potion of might
 g - a potion of ambrosia {unknown}
 i - a potion of curing {unknown}
 o - a potion of flight {unknown}
Comestibles
 f - 3 rations


   Skills:
 + Level 4.9 Fighting
 + Level 4.4 Axes
 - Level 3.2 Armour
 - Level 3.2 Shields


You had 3 spell levels left.
You didn't know any spells.
Your spell library was empty.

Dungeon Overview and Level Annotations

Branches:
Dungeon (2/15)

Altars:


Message History

You hit the black bear.
The black bear is heavily wounded.
The black bear bites you but does no damage.
The black bear claws you.
* * * LOW HITPOINT WARNING * * *
The black bear claws you.
* * * LOW HITPOINT WARNING * * *
You hit the black bear.
The black bear is heavily wounded.
The black bear barely misses you. You block the black bear's attack. x2
You hit the black bear.
The black bear is severely wounded.
You are feeling hungry.
The black bear bites you but does no damage.
You block the black bear's attack. The black bear closely misses you.
The black bear goes berserk!
Your shield and scale mail prevent you from hitting the black bear.
The black bear is severely wounded.
The black bear bites you!
You die...

##...## #.# #..#
##.....## #)#####..#
##.......###........#
#.........##........##
+.........'...........
#.........####...#.###
#.......## #...#.#
##.....## #.#.#.# ##.@.##
#.#.#.# ##h## #.#.#.# #.#
#.#.#.# ###.# #.....#
##.#.## ###.### ##.#...##
#.# #.######.###...# #.#
#.......## ##..########.#
########.###.#..........#


You could see a black bear (berserk).

Vanquished Creatures
  2 adders (D:2)
  An ooze (D:2)
  A dart slug (D:1)
  2 leopard geckos
  3 giant cockroaches
  6 goblins
  2 hobgoblins
  2 jackals (D:2)
  5 bats
  4 frilled lizards
  5 kobolds
  4 rats
37 creatures vanquished.

Notes
Turn   | Place    | Note
-------+----------+-------------------------------------------
     0 | D:1      | Bluestream the Hill Orc Fighter began the quest for the
                  | Orb.
     0 | D:1      | Reached XP level 1. HP: 19/19 MP: 1/1
   180 | D:1      | Reached XP level 2. HP: 24/27 MP: 2/2
   519 | D:2      | Reached XP level 3. HP: 12/34 MP: 3/3
   922 | D:2      | Reached XP level 4. HP: 38/41 MP: 4/4
  1217 | D:2      | Noticed a black bear
  1263 | D:2      | HP: 2/41 [black bear (2)]
  1266 | D:2      | Mangled by a black bear

Levels and vault maps discovered:
D:1:      nagdon_arrival_zigzag_paths, layout_basic
D:2:      layout_loops_corners

Skill      XL: |  1  2  3 |
---------------+----------+-----
Axes           | 3 4 |  4.4
Fighting       | 4 |  4.9
Armour         | |  3.2
Shields        | |  3.2

Action                   |  1- 3 |  4- 6 || total
-------------------------+-------+-------++-------
Melee: War axe           |   122 |    24 ||   146
  Eat: Chunk             |       |     1 ||     1
Armor: Scale mail        |    75 |    23 ||    98
Dodge: Dodged            |    33 |    13 ||    46
Block: Shield            |    78 |    17 ||    95
